 Dungeon Crawl Stone Soup version 0.32-a0-961-gd60f5e5fc7 (webtiles) character file.

Game seed: 11670364057069167637

941 araganzar the Changeling (level 7, 0/45 (56) HPs)
             Began as a Demonspawn Shapeshifter on Apr 18, 2024.
             Slain by Jeremiah
             ... wielding a +4 trident of draining
              (2 damage)
             ... on level 5 of the Dungeon.
             The game lasted 00:16:24 (5054 turns).

araganzar the Changeling (Demonspawn Shapeshifter)  Turns: 5054, Time: 00:16:25

HP:   0/45 (56)     AC:  7    Str: 14    XL:     7   Next: 88%
MP:   7/7           EV: 10    Int: 16    God:
Gold: 257           SH:  0    Dex: 15    Spells: 6/6 levels left

rFire   + . .        r - +2 falchion (vamp) {!w}
rCold   . . .        (no shield)
rNeg    . . .        e - +0 ring mail
rPois   .            (helmet currently unavailable)
rElec   .            (cloak currently unavailable)
rCorr   .            (gloves currently unavailable)
SInv    .            (boots currently unavailable)
Will    .....        (no amulet)
Stlth   +            g - +6 ring of intelligence
HPRegen 0.27/turn    (no ring)
MPRegen 0.10/turn

%: no passive effects
@: beast-form, on berserk cooldown, slowed, wreathed by umbra, heavily drained,
very slow
A: beast (slay +3), hooves 1, rugged brown scales 2, foul shadow 1, fire
resistance 1
a: Begin Untransformation


You were on level 5 of the Dungeon.
You were a hulking beast.
You visited 1 branch of the dungeon, and saw 6 of its levels.
You also visited: Sewer.

You collected 257 gold pieces.


Innate Abilities, Weirdness & Mutations

You are a hulking beast.
Your limbs bulge with bestial killing power. (Slay +3)
You have large cloven feet.
You are mostly covered in rugged brown scales. (AC +2, +5% HP)
You are faintly shadowed, very rarely releasing foul flame when damaged in melee.
Your flesh is heat resistant. (rF+)


   Skills:
 - Level 4.0 Fighting
 - Level 4.0 Long Blades
 - Level 2.1 Dodging
 - Level 4.0 Unarmed Combat
 + Level 5.4 Shapeshifting


You had 6 spell levels left.
You didn't know any spells.
Your spell library contained the following spells:

 Spells                   Type           Power      Damage    Failure   Level
 Sandblast                Erth           0%         2d4       45%         1
 Lesser Beckoning         Tloc           0%         N/A       61%         2
 Frozen Ramparts          Ice            0%         1d1       83%         3
 Maxwell's Portable Pile  Tloc           0%         2d(5-13)  83%         3
 Ozocubu's Armour         Ice            0%         N/A       83%         3
 Passwall                 Erth           0%         N/A       83%         3
 Sigil of Binding         Hex            0%         N/A       83%         3
 Stone Arrow              Conj/Erth      0%         3d7       83%         3
 Teleport Other           Tloc           0%         N/A       83%         3
 Anguish                  Hex/Necr       0%         N/A       99%         4
 Brom's Barrelling Bould  Conj/Erth      0%         2d3       99%         4
 Cause Fear               Hex            0%         N/A       99%         4
 Metabolic Englaciation   Hex/Ice        0%         N/A       100%        5
 Bombard                  Conj/Erth      0%         9d1       100%        6
 Enfeeble                 Hex            0%         N/A       100%        7
 Seismic Cannonade        Alch/Erth      0%         6d4       100%        7

Inventory:

Hand Weapons
 r - a +2 vampiric falchion (weapon) {!w}
   (You found it on level 1 of the Dungeon)
Missiles
 u - 2 poisoned darts (quivered)
 v - 4 boomerangs
Armour
 a - a +0 animal skin
 e - a +0 ring mail (worn)
   (You found it on level 1 of the Dungeon)
 i - a +0 helmet
   (You found it on level 1 of the Dungeon)
 m - a +0 cloak
   (You found it on level 2 of the Dungeon)
Jewellery
 g - a +6 ring of intelligence (left hand)
   (You found it on level 4 of the Dungeon)
Talismans
 c - a beast talisman (active)
 d - a flux talisman
Wands
 w - a wand of paralysis (17)
   (You took it off an orc on level 5 of the Dungeon)
 x - a wand of mindburst (14)
   (You found it on level 5 of the Dungeon)
Scrolls
 k - 3 scrolls of enchant weapon {unknown}
 l - 3 scrolls of teleportation
 n - a scroll of fog
 o - a scroll of enchant armour {unknown}
 y - 2 scrolls of poison {unknown}
Potions
 b - a potion of mutation {!q}
 f - 4 potions of curing
 h - a potion of experience
 j - 2 potions of haste
 p - a potion of degeneration {unknown}
 q - a potion of cancellation
 s - 2 potions of ambrosia
 z - a potion of enlightenment {unknown}

######......b.......
#.....>.............
#.########.........#
#.# #.........# #.#
#######....
#####b####### #...#
#....bFbb...# #####
#....bbb....#
#.....bhb.b.#
#........b..#
#####.#bb...#
#.#.....# #.#.....#
#.#.....# #.#######
#.# #.#


You could see Jeremiah.


Message History

* * * LOW HITPOINT WARNING * * *
You take 14 damage, and have 12/47 hp.
MASSIVE DAMAGE!!
Unknown command.
Unknown command.
Unknown command.
Press: ? - help, Shift-Dir - straight line, f/p - Jeremiah
Aim: Jeremiah, wielding a +4 trident of draining, wearing a +0 robe, wearing an orb of guile and carrying a wand of paralysis (severely wounded, chance to affect: 66%) Jeremiah suddenly stops moving!
The butterfly disappears in a burst of colours! x2
You slash the butterfly!
You kill the butterfly!
The butterfly disappears in a burst of colours!
You closely miss the butterfly. You kick the butterfly.
You kill the butterfly!
The butterfly disappears in a burst of colours! x5
You barely miss the butterfly. Your kick misses the butterfly.
The butterfly disappears in a burst of colours! x3
You slash the butterfly!
You kill the butterfly!
The butterfly disappears in a burst of colours!
Jeremiah is no longer paralysed.
The butterfly disappears in a burst of colours!
Jeremiah hits you from afar with a +4 trident of draining!
* * * LOW HITPOINT WARNING * * *
You feel drained.
* * * LOW HITPOINT WARNING * * *
Jeremiah hits you from afar with a +4 trident of draining.
You die...
Jeremiah asks, "What happened?
Did... did you die?"

Action                     |  1- 3 |  4- 6 |  7- 9 || total
---------------------------+-------+-------+-------++-------
  Melee: Unarmed           |   149 |   134 |       ||   283
         Punch             |     5 |     3 |       ||     8
         Kick              |     1 |    38 |    11 ||    50
         Falchion          |       |    29 |    65 ||    94
  Throw: Dart              |       |       |     4 ||     4
  Evoke: Wand              |       |       |     2 ||     2
    Use: Scroll            |     3 |     7 |     3 ||    13
         Potion            |     1 |     3 |     1 ||     5
 Armour: Ring mail         |    93 |   109 |    41 ||   243
         Skin              |       |     6 |       ||     6
  Dodge: Dodged            |    66 |    85 |    25 ||   176

Levels and vault maps discovered:
D:1:      dpeg_arrival_brainrot, layout_basic, ebering_ecumenical_altar_webs
D:2:      layout_basic, basic_altar
D:3:      layout_basic, nicolae_wu_jian_glorious_leap, portal_sewer_entry_a,
          uniq_robin
D:4:      layout_cave_pools, grunt_temple_overflow_holy_war, uniq_edmund
D:5:      layout_basic, serial_shops, nicolae_shop_pleasant_corner_grove,
          hangedman_decor_lopped
D:6:      layout_rooms, uniq_jeremiah, uniq_menkaure

Notes
Turn   | Place    | Note
-------+----------+-------------------------------------------
     0 | D:1      | araganzar the Demonspawn Shapeshifter began the quest for
                  | the Orb.
     0 | D:1      | Reached XP level 1. HP: 15/15 MP: 1/1
   293 | D:1      | Reached skill level 2 in Dodging
   293 | D:1      | Gained mutation: You are partially covered in rugged brown
                  | scales. (AC +1, +3% HP) [demonic ancestry]
   293 | D:1      | Reached XP level 2. HP: 15/21 MP: 2/2
   438 | D:1      | You fall into a shaft and drop 1 floor!
   543 | D:2      | Reached skill level 3 in Unarmed Combat
   597 | D:2      | Reached skill level 3 in Shapeshifting
   623 | D:2      | Gained mutation: You are mostly covered in rugged brown
                  | scales. (AC +2, +5% HP) [demonic ancestry]
   623 | D:2      | Reached XP level 3. HP: 18/27 MP: 3/3
  1213 | D:1      | Found a faded altar of an unknown god.
  1898 | D:2      | Reached skill level 2 in Fighting
  1933 | D:2      | Found a shadowy altar of Dithmenos.
  1996 | D:3      | Gained mutation: You have sharp toenails. [potion of
                  | mutation]
  1996 | D:3      | Gained mutation: Your flesh is heat resistant. (rF+)
                  | [potion of mutation]
  2037 | D:3      | Reached XP level 4. HP: 24/34 MP: 4/4
  2140 | D:3      | Noticed Robin
  2156 | D:3      | Killed Robin
  2193 | D:3      | Found a glowing drain.
  2209 | D:3      | Reached skill level 3 in Fighting
  2215 | Sewer    | Entered a sewer
  2295 | Sewer    | Noticed a kobold brigand
  2316 | Sewer    | Killed a kobold brigand
  2317 | Sewer    | Reached skill level 4 in Fighting
  2317 | Sewer    | Reached XP level 5. HP: 36/44 MP: 5/5
  2492 | Sewer    | Reached skill level 4 in Shapeshifting
  2492 | Sewer    | Lost mutation: You have sharp toenails. [demonic ancestry]
  2492 | Sewer    | Gained mutation: You have large cloven feet. [demonic
                  | ancestry]
  2492 | Sewer    | Reached XP level 6. HP: 39/50 MP: 3/6
  2753 | Sewer    | Reached skill level 4 in Unarmed Combat
  3643 | D:3      | Found an ornate altar of the Wu Jian Council.
  3863 | D:4      | Noticed Edmund
  3879 | D:4      | Killed Edmund
  3880 | D:4      | Reached skill level 2 in Long Blades
  3880 | D:4      | Reached skill level 5 in Shapeshifting
  3880 | D:4      | Gained mutation: You are faintly shadowed, very rarely
                  | releasing foul flame when damaged in melee. [demonic
                  | ancestry]
  3880 | D:4      | Reached XP level 7. HP: 47/47 MP: 7/7
  4354 | D:4      | Noticed an angel
  4359 | D:4      | Found a basalt altar of Yredelemnul.
  4363 | D:4      | Noticed a profane servitor
  4433 | D:5      | Entered Level 5 of the Dungeon
  4471 | D:5      | Reached skill level 3 in Long Blades
  4776 | D:5      | Reached skill level 4 in Long Blades
  4947 | D:5      | Found Neushoma's Antique Armour Emporium.
  5010 | D:6      | Noticed Jeremiah
  5054 | D:5      | HP: 3/47 [Jeremiah/+4 trident of draining (12)]
  5054 | D:5      | Slain by Jeremiah

Vanquished Creatures
  Edmund (D:4)
  An ogre (D:5)
  A black bear (D:4)
  A phantom (D:5)
  2 kobold brigands (Sewer)
  2 brain worms (Sewer)
  2 hounds (D:5)
  Robin (D:3)
  13 adders
  A river rat (Sewer)
  3 ribbon worms (D:3)
  3 orcs
  14 ball pythons
  6 bats
  5 endoplasms
  6 giant cockroaches
  19 goblins
  5 hobgoblins
  9 jackals
  9 kobolds
  4 frilled lizards
  5 rats
113 creatures vanquished.
